[Event "26th OIBM 2023"]
[Site "Gmund am Tegernsee"]
[Date "2023.10.31"]
[Round "4.16"]
[White "Meins, Gerlef"]
[Black "Deglmann, Ludwig"]
[Result "1/2-1/2"]
[ECO "E16"]
[WhiteElo "2412"]
[BlackElo "2243"]
[Annotator "RC"]
[PlyCount "79"]
[EventDate "2023.10.04"]
[EventType "swiss"]
[EventCountry "GER"]
[SourceTitle "playchess.com"]
[Source "ChessBase"]
[SourceQuality "1"]
[TimeControl "40/5400+30:1800+30"]

1. d4 Nf6 2. c4 e6 3. Nf3 b6 4. g3 Bb7 5. Bg2 g6 6. Nc3 Bg7 7. d5 O-O 8. O-O Re8 9. Nd4 exd5 10. cxd5 Na6 11. Bf4 Nc5 12. Rc1 a5 13. b3 Nh5 14. Be3 Rxe3 15. fxe3 Qg5 16. Qd2 Re8 17. Nf3 Qxe3+ 18. Qxe3 Rxe3 19. Nb5 Bxd5 20. Nxc7 Bc6 21. Rcd1 Rxe2 22. Rf2 Rxf2 23. Kxf2 Nf6 24. Kg1 Nfe4 25. Nd5 Bxd5 26. Rxd5 Nc3 27. Rd6 Nxa2 28. Rxb6 Nb4 29. Rb8+ Bf8 30. Nd4 Kg7 31. Ra8 Ncd3 32. Nb5 Bc5+ 33. Kf1 Bb6 34. Nd6 Ne5 35. Nc4 Nxc4 36. bxc4 Nd3 37. Ra6 Bd8 38. Ra8 Bb6 39. Ra6 Bd8 40. Ra8 1/2-1/2

[Event "26th OIBM 2023"]
[Site "Gmund am Tegernsee"]
[Date "2023.10.31"]
[Round "4.17"]
[White "Dobrosmyslov, Artem"]
[Black "Weishaeutel, Moritz"]
[Result "0-1"]
[ECO "D32"]
[WhiteElo "2316"]
[BlackElo "2403"]
[Annotator "RC"]
[PlyCount "100"]
[EventDate "2023.10.04"]
[EventType "swiss"]
[EventCountry "GER"]
[SourceTitle "playchess.com"]
[Source "ChessBase"]
[SourceQuality "1"]
[TimeControl "40/5400+30:1800+30"]

1. c4 e6 2. Nc3 d5 3. d4 c5 4. cxd5 cxd4 5. Qa4+ Bd7 6. Qxd4 exd5 7. Qxd5 Nf6 8. Qd1 Bc5 9. e3 O-O 10. Be2 Qe7 11. Nf3 Rd8 12. Bd2 Nc6 13. O-O Ne5 14. Qc2 Rac8 15. Rad1 b5 16. Qb1 b4 17. Ne4 Bf5 18. Nxf6+ Qxf6 19. e4 Bg4 20. Be3 Nxf3+ 21. Bxf3 Bxf3 22. gxf3 Bd6 23. Rd5 Re8 24. Qd1 Bc7 25. Kh1 Qh4 26. f4 Bxf4 27. Rh5 Qe7 28. Qf3 Qxe4 29. Qxe4 Rxe4 30. Bxa7 g5 31. h4 Ra8 32. Be3 Rxa2 33. Bxf4 gxf4 34. Rg1+ Kf8 35. Rxh7 Rxb2 36. Rgg7 Rxf2 37. Rxf7+ Ke8 38. Rfg7 Re1+ 39. Rg1 Rxg1+ 40. Kxg1 Rb2 41. h5 b3 42. h6 Kf8 43. Rg7 f3 44. Kf1 Rb1+ 45. Kf2 b2 46. Rg3 Rh1 47. h7 b1=Q 48. Rg8+ Kf7 49. h8=Q Rxh8 50. Rxh8 Qb2+ 0-1

[Event "26th OIBM 2023"]
[Site "Gmund am Tegernsee"]
[Date "2023.10.31"]
[Round "4.18"]
[White "Singer, Christoph"]
[Black "Kargin, Arseny"]
[Result "0-1"]
[ECO "D11"]
[WhiteElo "2303"]
[BlackElo "2391"]
[Annotator "RC"]
[PlyCount "68"]
[EventDate "2023.10.04"]
[EventType "swiss"]
[EventCountry "GER"]
[SourceTitle "playchess.com"]
[Source "ChessBase"]
[SourceQuality "1"]
[TimeControl "40/5400+30:1800+30"]

1. d4 d5 2. c4 c6 3. Nf3 Nf6 4. e3 Bg4 5. Nbd2 e6 6. Be2 Nbd7 7. O-O Bd6 8. b3 Qe7 9. Bb2 a5 10. Ne5 Bxe2 11. Qxe2 O-O 12. e4 Nxe4 13. Nxe4 dxe4 14. Qxe4 Rfd8 15. Nxd7 Rxd7 16. Rad1 a4 17. Rd3 axb3 18. axb3 Ra2 19. Rh3 g6 20. Qb1 Ra6 21. Rd1 Qd8 22. Qe4 Be7 23. Rhd3 Bf6 24. Bc3 c5 25. dxc5 Bxc3 26. g3 Ra1 27. Rxa1 Bxa1 28. Rd6 Rxd6 29. cxd6 Qxd6 30. Qxb7 Bc3 31. Qc8+ Kg7 32. c5 Qd1+ 33. Kg2 Qxb3 34. c6 Ba5 0-1

[Event "26th OIBM 2023"]
[Site "Gmund am Tegernsee"]
[Date "2023.10.31"]
[Round "4.19"]
[White "Colpe, Malte"]
[Black "Jacob, Tobias"]
[Result "1-0"]
[ECO "B50"]
[WhiteElo "2386"]
[BlackElo "1980"]
[Annotator "RC"]
[PlyCount "79"]
[EventDate "2023.10.04"]
[EventType "swiss"]
[EventCountry "GER"]
[SourceTitle "playchess.com"]
[Source "ChessBase"]
[SourceQuality "1"]
[TimeControl "40/5400+30:1800+30"]

1. e4 c5 2. Nf3 d6 3. Nc3 a6 4. a4 Nf6 5. e5 dxe5 6. Nxe5 Nbd7 7. Nc4 Nb6 8. Ne3 e6 9. g3 Nbd5 10. Bg2 b6 11. Ncxd5 exd5 12. c4 Ra7 13. cxd5 Be7 14. O-O O-O 15. Qb3 Rd7 16. Nc4 Rxd5 17. Qxb6 Rd4 18. Qxd8 Rfxd8 19. Ne5 Bd7 20. Nxd7 R8xd7 21. Re1 Kf8 22. b3 Nd5 23. Re4 Nb4 24. Rxd4 Rxd4 25. Bf1 a5 26. Bc4 f5 27. Kf1 g5 28. f3 h5 29. d3 Rd8 30. Bd2 f4 31. gxf4 gxf4 32. Bxf4 Nxd3 33. Bc7 Rd4 34. Rd1 Nb2 35. Rxd4 cxd4 36. Bxa5 Nxc4 37. bxc4 Bc5 38. Ke2 Ke7 39. Kd3 Kd7 40. Be1 1-0

[Event "26th OIBM 2023"]
[Site "Gmund am Tegernsee"]
[Date "2023.10.31"]
[Round "4.20"]
[White "Hess, Max"]
[Black "Mueller, Frank"]
[Result "1-0"]
[ECO "B36"]
[WhiteElo "2378"]
[BlackElo "2271"]
[Annotator "RC"]
[PlyCount "87"]
[EventDate "2023.10.04"]
[EventType "swiss"]
[EventCountry "GER"]
[SourceTitle "playchess.com"]
[Source "ChessBase"]
[SourceQuality "1"]
[TimeControl "40/5400+30:1800+30"]

1. c4 Nf6 2. Nf3 g6 3. Nc3 c5 4. e4 Nc6 5. d4 cxd4 6. Nxd4 Nxd4 7. Qxd4 d6 8. Be2 Bg7 9. O-O O-O 10. Qd3 Be6 11. Be3 Nd7 12. Bd4 Ne5 13. Qe3 Rc8 14. b3 Nc6 15. Bxg7 Kxg7 16. Rad1 Qa5 17. Kh1 Qc5 18. Qd2 a6 19. f4 f6 20. Rf3 Bg4 21. Rd3 Bxe2 22. Nxe2 b5 23. Rc1 bxc4 24. Rxc4 Qf2 25. Rf3 Qb6 26. Rfc3 Na7 27. Nd4 Rxc4 28. Rxc4 Rc8 29. Rxc8 Nxc8 30. f5 g5 31. Ne6+ Kf7 32. h4 gxh4 33. Qh6 Ke8 34. Qxh7 Kd7 35. Qxh4 Na7 36. Qh8 Nc6 37. Nf8+ Kc7 38. Ne6+ Kd7 39. Qa8 a5 40. Nf8+ Kc7 41. Ne6+ Kd7 42. Kh2 Qb5 43. a3 Qxb3 44. Qxc6+ 1-0

[Event "26th OIBM 2023"]
[Site "Gmund am Tegernsee"]
[Date "2023.10.31"]
[Round "4.21"]
[White "Karsay, Pascal"]
[Black "Womacka, Mathias"]
[Result "1-0"]
[ECO "D40"]
[WhiteElo "2301"]
[BlackElo "2371"]
[Annotator "RC"]
[PlyCount "53"]
[EventDate "2023.10.04"]
[EventType "swiss"]
[EventCountry "GER"]
[SourceTitle "playchess.com"]
[Source "ChessBase"]
[SourceQuality "1"]
[TimeControl "40/5400+30:1800+30"]

1. Nf3 c5 2. c4 Nf6 3. Nc3 Nc6 4. e3 e6 5. d4 d5 6. a3 a6 7. cxd5 exd5 8. Bd3 Bg4 9. O-O cxd4 10. exd4 Be7 11. Be3 O-O 12. h3 Bh5 13. Rc1 Qd6 14. Re1 Rfe8 15. Bb1 Bf8 16. Na4 Na5 17. Nc5 Nc4 18. Nd3 Rac8 19. Rc2 Bg6 20. Nfe5 Be4 21. Rce2 Qb6 22. Ba2 Bd6 23. Bg5 Bxe5 24. Nxe5 Nxe5 25. dxe5 Rxe5 26. Bxf6 gxf6 27. Rxe4 1-0

[Event "26th OIBM 2023"]
[Site "Gmund am Tegernsee"]
[Date "2023.10.31"]
[Round "4.22"]
[White "Cherniaiev, Tykhon"]
[Black "Zawadzka, Jolanta"]
[Result "1/2-1/2"]
[ECO "B13"]
[WhiteElo "2278"]
[BlackElo "2342"]
[Annotator "RC"]
[PlyCount "69"]
[EventDate "2023.10.04"]
[EventType "swiss"]
[EventCountry "GER"]
[SourceTitle "playchess.com"]
[Source "ChessBase"]
[SourceQuality "1"]
[TimeControl "40/5400+30:1800+30"]

1. e4 c6 2. d4 d5 3. exd5 cxd5 4. Bd3 Nc6 5. c3 Qc7 6. h3 e6 7. Nf3 Bd6 8. O-O Nge7 9. Re1 h6 10. Qe2 Ng6 11. c4 O-O 12. cxd5 exd5 13. Nc3 Nge7 14. Nb5 Qd8 15. Ne5 Bb4 16. Bd2 Bxd2 17. Qxd2 a6 18. Nxc6 Nxc6 19. Nc3 Nxd4 20. Bf1 Nc6 21. Nxd5 Be6 22. Rad1 Rc8 23. g3 Bxd5 24. Qxd5 Qf6 25. b3 Rfd8 26. Qe4 Nd4 27. Kg2 Rc2 28. Re2 Nxe2 29. Rxd8+ Qxd8 30. Qxc2 Qd5+ 31. Kh2 Nd4 32. Qc8+ Kh7 33. Bg2 Nf3+ 34. Bxf3 Qxf3 35. Qc5 1/2-1/2

[Event "26th OIBM 2023"]
[Site "Gmund am Tegernsee"]
[Date "2023.10.31"]
[Round "4.23"]
[White "Wyss, Jonas"]
[Black "Lammers, Markus"]
[Result "1-0"]
[ECO "C43"]
[WhiteElo "2265"]
[BlackElo "2336"]
[Annotator "RC"]
[PlyCount "115"]
[EventDate "2023.10.04"]
[EventType "swiss"]
[EventCountry "GER"]
[SourceTitle "playchess.com"]
[Source "ChessBase"]
[SourceQuality "1"]
[TimeControl "40/5400+30:1800+30"]

1. e4 e5 2. Nf3 Nf6 3. d4 Nxe4 4. Bd3 d5 5. Nxe5 Be7 6. O-O O-O 7. c4 c6 8. Nc3 Nxc3 9. bxc3 dxc4 10. Bxc4 Nd7 11. Nxd7 Bxd7 12. Re1 Bd6 13. Qh5 Qf6 14. Bg5 Qf5 15. Re3 h6 16. h4 hxg5 17. Bd3 g6 18. Bxf5 gxh5 19. Bxd7 g4 20. Rb1 Rab8 21. g3 Kg7 22. Bf5 b5 23. Kg2 Kf6 24. Be4 c5 25. f3 b4 26. fxg4 hxg4 27. Rf1+ Kg7 28. Rf5 bxc3 29. dxc5 Rb2+ 30. Kf1 Rc8 31. Rxc3 Rxa2 32. c6 f6 33. Rf2 Rxf2+ 34. Kxf2 f5 35. Bxf5 Rf8 36. c7 Rxf5+ 37. Kg2 Bxc7 38. Rxc7+ Kg6 39. Rxa7 Rb5 40. Ra4 Kh5 41. Re4 Rf5 42. Rd4 Ra5 43. Kf2 Re5 44. Rd3 Kg6 45. Re3 Ra5 46. Rd3 Re5 47. Rd6+ Kh5 48. Rd4 Rf5+ 49. Ke2 Re5+ 50. Kd3 Ra5 51. Ke4 Ra3 52. Rd5+ Kh6 53. Kf4 Ra4+ 54. Kf5 Rb4 55. Re5 Kh5 56. Re8 Rb5+ 57. Kf4 Rb4+ 58. Re4 1-0

[Event "26th OIBM 2023"]
[Site "Gmund am Tegernsee"]
[Date "2023.10.31"]
[Round "4.24"]
[White "Kindtner, Ulrich"]
[Black "Kobold, Jonathan"]
[Result "1/2-1/2"]
[ECO "B22"]
[WhiteElo "2199"]
[BlackElo "1901"]
[Annotator "RC"]
[PlyCount "105"]
[EventDate "2023.10.04"]
[EventType "swiss"]
[EventCountry "GER"]
[SourceTitle "playchess.com"]
[Source "ChessBase"]
[SourceQuality "1"]
[TimeControl "40/5400+30:1800+30"]

1. e4 c5 2. c3 Nf6 3. e5 Nd5 4. d4 cxd4 5. cxd4 d6 6. Nf3 Nc6 7. a3 e6 8. Bd3 Be7 9. O-O O-O 10. Re1 f6 11. exf6 Bxf6 12. Nc3 Nxc3 13. bxc3 e5 14. Bc2 Re8 15. Qd3 g6 16. Bh6 Bf5 17. Bb3+ Kh8 18. Qd2 Na5 19. Bf7 Re7 20. Ba2 Be6 21. d5 Bf5 22. Ng5 Rc8 23. Ne4 Rec7 24. Nxf6 Qxf6 25. f4 e4 26. g4 Bxg4 27. Rxe4 Qxc3 28. Rae1 Kg8 29. f5 Bxf5 30. Re8+ Kf7 31. Qxc3 Rxc3 32. R8e7+ Kf6 33. h4 g5 34. Bg7+ Kg6 35. Bxc3 Rxc3 36. Bb1 Bxb1 37. Rxb1 Rxa3 38. hxg5 Rd3 39. Rb5 Nc4 40. Rbxb7 Rxd5 41. Rg7+ Kh5 42. Rxh7+ Kxg5 43. Rxa7 Ne5 44. Kf2 Kf4 45. Ra4+ Kf5 46. Rah4 Rd3 47. Ke2 Ke6 48. R7h6+ Kd5 49. Ra4 Rc3 50. Ra6 Rc6 51. Ra2 Nc4 52. Kf3 Kc5 53. Ke4 1/2-1/2

[Event "26th OIBM 2023"]
[Site "Gmund am Tegernsee"]
[Date "2023.10.31"]
[Round "4.25"]
[White "Gold, Florian"]
[Black "Liepold, Stefan"]
[Result "0-1"]
[ECO "D22"]
[WhiteElo "1898"]
[BlackElo "2150"]
[Annotator "RC"]
[PlyCount "54"]
[EventDate "2023.10.04"]
[EventType "swiss"]
[EventCountry "GER"]
[SourceTitle "playchess.com"]
[Source "ChessBase"]
[SourceQuality "1"]
[TimeControl "40/5400+30:1800+30"]

1. d4 d5 2. c4 dxc4 3. Nf3 Nf6 4. e3 Bg4 5. Bxc4 e6 6. Nc3 Nc6 7. h3 Bh5 8. O-O Bd6 9. Be2 O-O 10. a3 a6 11. b4 Qe8 12. Bb2 e5 13. dxe5 Nxe5 14. Nd4 Nc4 15. Bc1 Bxe2 16. Qxe2 b5 17. Qc2 c5 18. bxc5 Bxc5 19. Nb3 Rc8 20. Nxc5 Rxc5 21. Bb2 Qc6 22. Rac1 Rc8 23. Rfd1 h6 24. Rd3 Nxb2 25. Qxb2 Ne4 26. Nxe4 Rxc1+ 27. Kh2 Qxe4 0-1

[Event "26th OIBM 2023"]
[Site "Gmund am Tegernsee"]
[Date "2023.10.31"]
[Round "4.26"]
[White "Hennig, Konrad"]
[Black "Ammon, Tobias"]
[Result "0-1"]
[ECO "D85"]
[WhiteElo "1887"]
[BlackElo "2145"]
[Annotator "RC"]
[PlyCount "94"]
[EventDate "2023.10.04"]
[EventType "swiss"]
[EventCountry "GER"]
[SourceTitle "playchess.com"]
[Source "ChessBase"]
[SourceQuality "1"]
[TimeControl "40/5400+30:1800+30"]

1. d4 Nf6 2. c4 g6 3. Nc3 d5 4. cxd5 Nxd5 5. Na4 e5 6. dxe5 Nc6 7. e4 Nb6 8. Qxd8+ Kxd8 9. Bg5+ Be7 10. Nxb6 axb6 11. Bf6 Re8 12. O-O-O+ Bd7 13. Bc4 Bxf6 14. exf6 Rxe4 15. Bxf7 Rf4 16. Be6 Nb8 17. Nf3 Ra5 18. Rhe1 Rxf6 19. Bxd7 Rc5+ 20. Kb1 Nxd7 21. Ne5 Rxe5 22. Rxe5 Rxf2 23. Red5 Rf7 24. h4 c6 25. Rg5 Kc7 26. g4 Rf6 27. h5 Re6 28. Rf1 Ne5 29. Rxe5 Rxe5 30. Rf7+ Kb8 31. Rxh7 Rg5 32. Rg7 Rxg4 33. Rxg6 Rh4 34. h6 Rh2 35. Rg8+ Ka7 36. Rh8 Ka6 37. a4 Ka5 38. h7 Kb4 39. Kc1 Kb3 40. Kd1 Kxb2 41. Ke1 Kb3 42. Kf1 c5 43. Kg1 Rh6 44. Kf2 c4 45. Ke3 c3 46. Kd3 Rh3+ 47. Kd4 c2 0-1

[Event "26th OIBM 2023"]
[Site "Gmund am Tegernsee"]
[Date "2023.10.31"]
[Round "4.27"]
[White "Boehmer, Christian"]
[Black "Oyberman, Mikhail"]
[Result "1-0"]
[ECO "A03"]
[WhiteElo "2178"]
[BlackElo "1819"]
[Annotator "RC"]
[PlyCount "105"]
[EventDate "2023.10.04"]
[EventType "swiss"]
[EventCountry "GER"]
[SourceTitle "playchess.com"]
[Source "ChessBase"]
[SourceQuality "1"]
[TimeControl "40/5400+30:1800+30"]

1. f4 d5 2. Nf3 c5 3. e3 Nc6 4. b3 Nf6 5. Bb2 e6 6. Bb5 Bd7 7. O-O Bd6 8. Bxc6 Bxc6 9. Ne5 Qc7 10. d3 O-O 11. Nxc6 bxc6 12. Bxf6 gxf6 13. Nd2 Kh8 14. Qf3 Rg8 15. Rf2 Rg7 16. g3 Rag8 17. Kh1 Re8 18. e4 Qb7 19. Re1 Rgg8 20. Rfe2 Rd8 21. Nf1 Bc7 22. Ne3 Ba5 23. Rg1 Bc3 24. Rf1 Qd7 25. Nd1 Ba5 26. Qh5 Rde8 27. Nf2 Rg6 28. Ng4 Bd8 29. Ne3 Rg7 30. Qf3 Reg8 31. f5 Rg5 32. Rg2 Qd6 33. Rfg1 Qe5 34. h3 Bc7 35. Ng4 Qd4 36. fxe6 fxe6 37. Qxf6+ Qxf6 38. Nxf6 Rxg3 39. Rxg3 Rxg3 40. Rxg3 Bxg3 41. Nd7 Bd6 42. e5 Bc7 43. Kg2 Kg7 44. Kf3 Kf7 45. Kf4 Ke7 46. Nxc5 Bb6 47. d4 Ba5 48. Ke3 Be1 49. Nd3 Bh4 50. Kd2 Kf7 51. Nb4 Kg6 52. Ke3 Kf5 53. Nxc6 1-0

[Event "26th OIBM 2023"]
[Site "Gmund am Tegernsee"]
[Date "2023.10.31"]
[Round "4.28"]
[White "Kerpe, Andreas"]
[Black "Langner, Robin"]
[Result "1/2-1/2"]
[ECO "B26"]
[WhiteElo "2157"]
[BlackElo "1803"]
[Annotator "RC"]
[PlyCount "88"]
[EventDate "2023.10.04"]
[EventType "swiss"]
[EventCountry "GER"]
[SourceTitle "playchess.com"]
[Source "ChessBase"]
[SourceQuality "1"]
[TimeControl "40/5400+30:1800+30"]

1. e4 c5 2. Nc3 d6 3. g3 g6 4. Bg2 Bg7 5. d3 Nc6 6. Be3 Rb8 7. Qd2 b5 8. Nge2 b4 9. Nd1 Nd4 10. O-O h5 11. h4 Nh6 12. f3 a5 13. c3 Nxe2+ 14. Qxe2 O-O 15. Qd2 Kh7 16. Nf2 a4 17. Rab1 Qb6 18. c4 e5 19. Nh3 Qd8 20. Ng5+ Kh8 21. Ne6 Bxe6 22. Bxh6 Qe7 23. Bxg7+ Kxg7 24. f4 Bg4 25. f5 Qd7 26. Kh2 Ra8 27. Bf3 Bxf3 28. Rxf3 a3 29. b3 Rae8 30. Rbf1 Qd8 31. Kg2 Kh7 32. f6 Rh8 33. Rf5 Reg8 34. Qe2 Qf8 35. Rg5 Qh6 36. Qe3 Re8 37. Qf3 Kg8 38. Kh2 Re6 39. Kg2 Kf8 40. Kf2 Qh7 41. Ke2 Qg8 42. Qg2 Rh6 43. Rf3 Qh8 44. Qf2 Ke8 1/2-1/2

[Event "26th OIBM 2023"]
[Site "Gmund am Tegernsee"]
[Date "2023.10.31"]
[Round "4.29"]
[White "Werrn, Pascal"]
[Black "Andrade, Ruben"]
[Result "0-1"]
[ECO "A13"]
[WhiteElo "2145"]
[BlackElo "1797"]
[Annotator "RC"]
[PlyCount "120"]
[EventDate "2023.10.04"]
[EventType "swiss"]
[EventCountry "GER"]
[SourceTitle "playchess.com"]
[Source "ChessBase"]
[SourceQuality "1"]
[TimeControl "40/5400+30:1800+30"]

1. c4 e6 2. Nc3 d5 3. e3 Nf6 4. Nf3 Be7 5. b3 O-O 6. Bb2 b6 7. cxd5 exd5 8. Ne2 Ba6 9. Ned4 Bxf1 10. Kxf1 Ne4 11. Ne5 Bf6 12. Ndf3 Re8 13. d3 Nd6 14. g4 c5 15. g5 Bxe5 16. Nxe5 Nd7 17. Ng4 d4 18. Qf3 Ne5 19. Nxe5 Rxe5 20. exd4 cxd4 21. Bxd4 Rf5 22. Qe2 Rxg5 23. Re1 Qd7 24. Qf3 Rc8 25. h4 Rg4 26. Qd5 Qc6 27. Qxc6 Rxc6 28. Be5 f6 29. f3 Rb4 30. Bb2 Kf7 31. Re2 Nf5 32. Kf2 Rxh4 33. Rxh4 Nxh4 34. Kg3 Nf5+ 35. Kf4 g6 36. d4 Ne7 37. Rd2 Nd5+ 38. Ke4 Ke6 39. Rh2 Rc7 40. a3 f5+ 41. Kd3 Kf6 42. Rd2 g5 43. a4 h5 44. Rd1 Nb4+ 45. Ke3 f4+ 46. Ke2 Rc2+ 47. Rd2 Rxd2+ 48. Kxd2 Kf5 49. Ke2 g4 50. fxg4+ hxg4 51. Ba3 a5 52. Kf2 Ke4 53. d5 Kxd5 54. Kg2 Ke4 55. Bb2 Nd3 56. Bf6 f3+ 57. Kf1 g3 58. Bd8 g2+ 59. Kg1 Nc1 60. Bxb6 Ne2+ 0-1

[Event "26th OIBM 2023"]
[Site "Gmund am Tegernsee"]
[Date "2023.10.31"]
[Round "4.30"]
[White "Pavlov, Liliane"]
[Black "Manukonda Arun"]
[Result "0-1"]
[ECO "E11"]
[WhiteElo "1702"]
[BlackElo "2143"]
[Annotator "NA RC"]
[PlyCount "38"]
[EventDate "2023.10.04"]
[EventType "swiss"]
[EventCountry "GER"]
[SourceTitle "playchess.com"]
[Source "ChessBase"]
[SourceQuality "1"]
[TimeControl "40/5400+30:1800+30"]

1. d4 d5 2. c4 e6 3. Nf3 Nf6 4. g3 Bb4+ 5. Bd2 Be7 6. Nc3 dxc4 7. Qa4+ c6 8. Qxc4 b5 9. Qd3 b4 10. Ne4 a5 11. Rc1 Ba6 12. Qc2 Qd5 13. Nc5 Bxc5 14. Qxc5 Qxa2 15. Qg5 O-O 16. Bf4 Nbd7 17. Ne5 Ne4 18. Qh5 Ndf6 19. Qf3 Qxb2 0-1

[Event "26th OIBM 2023"]
[Site "Gmund am Tegernsee"]
[Date "2023.10.31"]
[Round "4.31"]
[White "Arnhold, Steffi"]
[Black "Geist, Denis"]
[Result "1-0"]
[ECO "B99"]
[WhiteElo "2142"]
[BlackElo "1595"]
[Annotator "RC"]
[PlyCount "101"]
[EventDate "2023.10.04"]
[EventType "swiss"]
[EventCountry "GER"]
[SourceTitle "playchess.com"]
[Source "ChessBase"]
[SourceQuality "1"]
[TimeControl "40/5400+30:1800+30"]

1. e4 c5 2. Nf3 d6 3. d4 cxd4 4. Nxd4 Nf6 5. Nc3 a6 6. Bg5 e6 7. f4 Be7 8. Qf3 Qc7 9. O-O-O Nbd7 10. Bd3 b5 11. Rhe1 Bb7 12. Qg3 b4 13. Nd5 exd5 14. exd5 Kd8 15. Qe3 Re8 16. Nf5 Nxd5 17. Qe2 h6 18. Nxe7 hxg5 19. Nc6+ Qxc6 20. Qxe8+ Kc7 21. Qxf7 Nxf4 22. Be4 d5 23. Bf3 Rc8 24. Re8 Rxe8 25. Qxe8 Kb6 26. g3 Qe6 27. Qd8+ Kc6 28. Kb1 g4 29. Bh1 Qe2 30. Rc1 Ng2 31. Qg5 Ne3 32. Qe7 Nc5 33. Qe5 Kb6 34. Qd4 Kb5 35. Qe5 Na4 36. Qe8+ Bc6 37. Qb8+ Nb6 38. b3 Qxh2 39. a4+ bxa3 40. Qd6 a2+ 41. Kxa2 Nxc2 42. Kb1 Bb7 43. Qf8 a5 44. Qf1+ Nc4 45. Rxc2 Qxh1 46. Qxh1 Na3+ 47. Kb2 Nxc2 48. Kxc2 Bc6 49. Qd1 a4 50. bxa4+ Kxa4 51. Qxg4+ 1-0

[Event "26th OIBM 2023"]
[Site "Gmund am Tegernsee"]
[Date "2023.10.31"]
[Round "4.32"]
[White "Mirzoyan, Davit A."]
[Black "Nagel, Bernhard"]
[Result "0-1"]
[ECO "E05"]
[WhiteElo "1463"]
[BlackElo "2142"]
[Annotator "RC"]
[PlyCount "102"]
[EventDate "2023.10.04"]
[EventType "swiss"]
[EventCountry "GER"]
[SourceTitle "playchess.com"]
[Source "ChessBase"]
[SourceQuality "1"]
[TimeControl "40/5400+30:1800+30"]

1. Nf3 Nf6 2. g3 d5 3. Bg2 e6 4. O-O Be7 5. d4 O-O 6. c4 dxc4 7. Nbd2 b5 8. a4 c6 9. e4 Nbd7 10. Qc2 Bb7 11. b3 cxb3 12. Qxb3 Ba6 13. Rd1 bxa4 14. Qxa4 Be2 15. Re1 Bb5 16. Qc2 h6 17. Ba3 a5 18. Bxe7 Qxe7 19. Nc4 Bxc4 20. Qxc4 Qb4 21. Qxc6 Rfc8 22. Qa4 Qxa4 23. Rxa4 Nb6 24. Ra2 Nc4 25. Nd2 a4 26. e5 Nd5 27. Nxc4 Rxc4 28. Bxd5 exd5 29. Rd1 Rb8 30. Ra3 Rbb4 31. Rad3 g5 32. h3 Rb3 33. Kg2 Rcb4 34. Kf1 a3 35. Rxb3 Rxb3 36. Ra1 Kg7 37. Ra2 Kg6 38. g4 Rxh3 39. Ke2 h5 40. gxh5+ Kxh5 41. Rc2 Rb3 42. Rc7 a2 43. Ra7 Rb2+ 44. Kf3 Kh4 45. Ra8 g4+ 46. Ke3 Kh3 47. Ra3 Rb3+ 48. Rxb3 a1=Q 49. Kf4+ Kh4 50. Rd3 Qc1+ 51. Re3 Qd2 0-1

[Event "26th OIBM 2023"]
[Site "Gmund am Tegernsee"]
[Date "2023.10.31"]
[Round "4.33"]
[White "Oyberman, Iliia"]
[Black "Garner, Isaac"]
[Result "0-1"]
[ECO "D02"]
[WhiteElo "1638"]
[BlackElo "2309"]
[Annotator "RC"]
[PlyCount "106"]
[EventDate "2023.10.04"]
[EventType "swiss"]
[EventCountry "GER"]
[SourceTitle "playchess.com"]
[Source "ChessBase"]
[SourceQuality "1"]
[TimeControl "40/5400+30:1800+30"]

1. d4 Nf6 2. Bf4 d5 3. e3 c5 4. c3 Nc6 5. Nd2 e6 6. Ngf3 Nh5 7. Bg3 Nxg3 8. hxg3 Be7 9. Bd3 g6 10. Qe2 Qb6 11. O-O-O Bd7 12. Rh2 Rc8 13. Bc2 Qa5 14. Rdh1 Qxa2 15. Rxh7 Rf8 16. Rh8 cxd4 17. exd4 a5 18. Rxf8+ Bxf8 19. Rh8 a4 20. Nb1 Na5 21. Nfd2 Nc4 22. Nxc4 Qxc4 23. Qxc4 Rxc4 24. b3 axb3 25. Bxb3 Rc7 26. Kb2 Ke7 27. Nd2 Bg7 28. Rh1 Be8 29. Re1 Kf8 30. Nf3 b5 31. Ne5 Rb7 32. Nd3 b4 33. Nxb4 Bxd4 34. cxd4 Rxb4 35. Kc3 Rb7 36. Rc1 Bb5 37. Bd1 Bf1 38. Bf3 Bc4 39. Kd2 Rb3 40. Rc3 Rb4 41. g4 g5 42. g3 f6 43. Ke3 Ke7 44. Ra3 Kd6 45. Bd1 Rb1 46. Kd2 e5 47. Kc2 Rb8 48. Kc3 Rc8 49. dxe5+ fxe5 50. Kd2 Rf8 51. f3 Rh8 52. Ke3 Rh2 53. Ra8 d4+ 0-1

[Event "26th OIBM 2023"]
[Site "Gmund am Tegernsee"]
[Date "2023.10.31"]
[Round "4.34"]
[White "Lagarde, Maxime"]
[Black "Heigermoser, Robert"]
[Result "1-0"]
[ECO "E04"]
[WhiteElo "2626"]
[BlackElo "2133"]
[Annotator "TA"]
[PlyCount "47"]
[EventDate "2023.10.04"]
[EventType "swiss"]
[EventCountry "GER"]
[SourceTitle "playchess.com"]
[Source "ChessBase"]
[SourceQuality "1"]
[TimeControl "40/5400+30:1800+30"]

1. d4 d5 2. c4 e6 3. Nf3 Nf6 4. g3 dxc4 5. Bg2 Nbd7 6. Nbd2 Bb4 {[%emt 0:15:57] [#] E04: Open Catalan: 5 Nf3.} (6... b5 $11 {keeps the balance.}) 7. O-O (7. a3 $1 $16 Be7 8. Nxc4) 7... c3 $14 8. bxc3 Bxc3 {[%emt 0:00:06] White is slightly better.} 9. Rb1 {[%emt 0:03:20] [#]} a5 $146 ({Predecessor:} 9... O-O 10. Qc2 Bxd2 11. Bxd2 Re8 12. a4 a5 13. Rfc1 Nb6 14. Qxc7 Qxc7 15. Rxc7 Nfd5 {1-0 Gorshtein,I (2456)-Zakhartsov,V (2531) Novi Sad TS Mix 242nd 2022 (3)}) 10. a3 {[%emt 0:11:20] Strongly threatening Nc4.} Nb6 {[%emt 0:09:59] [#] Repels Nc4} (10... Bxd2 $14 11. Qxd2 (11. Bxd2 Ne4 $11) 11... Ra7) 11. Nc4 $1 $16 {[%emt 0:03:00][%mdl 576] Nxb6 is the strong threat. Decoy} a4 12. Qc2 (12. Nxb6 $16 cxb6 13. Qd3) 12... Ba5 {[%emt 0:08:53] [#] Black cannot hold the game after this.} (12... Nxc4 $11 13. Qxc3 Na5) 13. Nxa5 $1 $18 Rxa5 14. Bd2 Ra6 15. Rfc1 {[%emt 0:02:07][%mdl 1024] White has strong compensation. White has more active pieces. The black rooks are badly placed.} c6 (15... O-O $16 16. Qxc7 Qxc7 17. Rxc7 Nbd5) 16. e4 {[%emt 0:01:11] Black is weak on the dark squares} h6 (16... O-O $142 17. e5 Nfd5) 17. Bb4 Ng8 (17... Qc7 $142 18. Ne5 Nfd7) 18. Bf1 ({Weaker is} 18. Qc5 Nd7 19. Qc3 Ne7 $16) 18... Ra8 19. Re1 ({Not} 19. Qc5 Nd7 20. Qd6 Ngf6 $18) 19... Nd7 20. d5 c5 21. Bc3 ({Much less strong is} 21. Bxc5 Ne7 22. Bd6 O-O $18) 21... Ngf6 22. dxe6 fxe6 23. Bc4 {[%emt 0:00:15] Threatens to win with e5. A strong pair of Bishops.} Nb6 $2 (23... Qe7 24. Nh4 O-O) 24. Red1 {[%emt 0:00:52] Weighted Error Value: White=0.27 (precise) /Black=0.64} 1-0